 Dungeon Crawl Stone Soup version 0.23-a0-171-g5ae17c6 (webtiles) character file.

1892 topirishpotato the Martial Artist (level 9, -1/87 HPs)
             Began as an Octopode Monk on Sept 14, 2018.
             Was a Believer of Sif Muna.
             Slain by a killer bee (2 damage)
             ... on level 8 of the Dungeon.
             The game lasted 00:40:55 (7693 turns).

topirishpotato the Martial Artist (Octopode Monk)   Turns: 7693, Time: 00:40:56

Health: -1/87      AC: 24    Str:  8 (11) XL:     9   Next: 15%
Magic:  10/11      EV:  2    Int: 17 (18) God:    Sif Muna [**....]
Gold:   384        SH:  0    Dex: 13 (16) Spells: 3/11 levels left

rFire    + . .     SeeInvis .     - Unarmed
rCold    + . .     Gourm    .   (no shield)
rNeg     + + +     Faith    .   (helmet currently unavailable)
rPois    +         Spirit   .   (no amulet)
rElec    +         Reflect  .   q - ring of wizardry
rCorr    +         Harm     .   (no ring)
MR       .....     NoTele   +   (no ring)
Stlth    ++++......             (no ring)
HPRegen  0.24/turn              (no ring)
MPRegen  0.12/turn              (no ring)
                                (no ring)
                                (no ring)

@: brilliant, lethally poisoned (-1 -> -1), tree-form, resistant
A: almost no armour, stealthy swim, (amphibious), 8 rings, (constrict 8)
a: Divine Energy, Renounce Religion


You were on level 8 of the Dungeon.
You worshipped Sif Muna.
Sif Muna was pleased with you.
You were very hungry.
You were a tree.
You visited 1 branch of the dungeon, and saw 8 of its levels.
You also visited: Ossuary.

You collected 384 gold pieces.

Inventory:

Hand Weapons
 m - the +8 falchion "Qohuwat" {protect, +Rage rF+ Int+2}
   (You found it on level 4 of the Dungeon)

   It protects the one who uses it against injury (+AC on strike).
   It affects your intelligence (+2).
   It protects you from fire.
   It lets you go berserk.
Missiles
 d - 17 poisoned needles
 f - 3 javelins (quivered)
Jewellery
 q - a ring of wizardry (left branch)
Scrolls
 c - a scroll of teleportation
 e - 2 scrolls of remove curse
 j - a scroll of enchant weapon
 l - 2 scrolls of holy word
 n - 2 scrolls of blinking
Potions
 g - a potion of degeneration
 o - a potion of mutation
 p - a potion of haste
Comestibles
 a - 11 rations


   Skills:
 - Level 4.1 Fighting
 - Level 5.1 Dodging
 + Level 8.1 Stealth
 + Level 8.7 Unarmed Combat
 + Level 1.5 Spellcasting
 + Level 1.7 Necromancy
 * Level 1.6 Transmutations


You had 3 spell levels left.
You knew the following spells:

 Your Spells              Type           Power        Failure   Level  Hunger
a - Pain                  Necr           ###.         1%          1    ##.....
b - Petrify               Tmut/Erth      ##......     16%         4    #####..
c - Confuse               Hex            ##......     7%          3    ####...

Your spell library contained the following spells:

 Spells                   Type           Power        Failure   Level  Hunger
 Confusing Touch          Hex            ##....       2%          1    ##.....
 Gell's Gravitas          Tloc           ##........   7%          3    ####...
 Yara's Violent Unravell  Hex/Tmut       ##........   36%         5    ######.
 Metabolic Englaciation   Hex/Ice        ##........   45%         5    ######.


Dungeon Overview and Level Annotations

Branches:
Dungeon (8/15)             Temple (0/1) D:6
   Lair: D:8-11

Altars:
Gozag
Kikubaaqudgha
Okawaru
Sif Muna
Vehumet
The Shining One


Innate Abilities, Weirdness & Mutations

You cannot wear most types of armour.
You are very stealthy in the water. (Stealth+)
((You are amphibious.))
You can wear up to eight rings at the same time.
((You can use your tentacles to constrict eight enemies at once.))
((Your skin changes colour to match your surroundings (Stealth+).))
((Your rubbery body absorbs attacks. (AC +1, EV +1)))


Message History

The killer bee stings you.
* * * LOW HITPOINT WARNING * * *
You hit the killer bee.
You kill the killer bee!
Sif Muna accepts your kill. The killer bee stings you.
* * * LOW HITPOINT WARNING * * *
You completely miss the killer bee.
* * * LOW HITPOINT WARNING * * *
You feel sick.
The killer bee stings you but does no damage. x2
Casting: Pain (safe; 1% risk of failure)
Confirm with . or Enter, or press ? or * to list all spells.
Aiming: Pain (safe; 1% risk of failure)
Press: ? - help, Shift-Dir - straight line, f - killer bee
Aim: a killer bee (chance to defeat MR: 82%)
The killer bee writhes in agony!
The killer bee stings you but does no damage.
The killer bee stings you.
You die...

#.#...
......
#.#..(
.....#
#....
+....
#...y##
#♣# #.#
#.# #.#
..# #.#
###


You could see a killer bee.

Vanquished Creatures
  2 ogres
  A centaur (D:5)
  A bullfrog (D:7)
  A wyvern zombie (D:6)
  5 scorpions
  4 killer bees (D:8)
  A jelly (D:7)
  2 howler monkeys (D:4)
  4 crimson imps
  A bullfrog zombie (D:5)
  2 orc priests
  2 centaur zombies (Ossuary)
  A quasit (D:6)
  2 hounds
  A gnoll shaman (D:6)
  2 worker ants
  3 orc wizards
  4 big kobold zombies (Ossuary)
  A hound skeleton (D:5)
  A hound zombie (D:5)
  5 mummies (Ossuary)
  10 adders
  6 gnolls
  A shadow imp (D:2)
  An ooze (D:1)
  A worm (D:3)
  8 dart slugs
  21 orcs
  2 giant cockroaches
  7 goblins
  10 hobgoblins
  5 jackals
  5 quokkas
  A ball python (D:3)
  A ball python zombie (D:5)
  7 bats
  9 frilled lizards
  3 hobgoblin zombies (Ossuary)
  A jackal zombie (D:5)
  5 kobolds
  A leopard gecko skeleton (D:4)
  4 rats (D:1)
155 creatures vanquished.

Notes
Turn   | Place    | Note
-------+----------+-------------------------------------------
     0 | D:1      | topirishpotato the Octopode Monk began the quest for the
                  | Orb.
     0 | D:1      | Reached XP level 1. HP: 16/16 MP: 1/1
   298 | D:1      | Reached XP level 2. HP: 21/21 MP: 2/2
   512 | D:1      | Reached XP level 3. HP: 26/26 MP: 3/3
  1385 | D:2      | Reached XP level 4. HP: 28/31 MP: 4/4
  1443 | D:2      | Reached XP level 5. HP: 14/36 MP: 5/5
  1723 | D:2      | Found an ancient bone altar of Kikubaaqudgha.
  1723 | D:2      | Found a deep blue altar of Sif Muna.
  1724 | D:2      | Found a radiant altar of Vehumet.
  1726 | D:2      | Identified Kikubaaqudgha's Collected Works on Unholy Rites
  1735 | D:2      | Became a worshipper of Sif Muna the Loreminder
  1735 | D:2      | Reached * piety under Sif Muna
  1735 | D:2      | Reached ** piety under Sif Muna
  1751 | D:2      | Learned a level 1 spell: Pain
  2293 | D:3      | Found an iron altar of Okawaru.
  2522 | D:3      | Reached skill level 5 in Unarmed Combat
  2522 | D:3      | Reached XP level 6. HP: 23/42 MP: 4/6
  3398 | D:3      | Reached skill level 1 in Necromancy
  3684 | D:4      | Reached skill level 5 in Stealth
  3924 | D:4      | Reached XP level 7. HP: 27/47 MP: 7/7
  4417 | D:4      | Found a glowing golden altar of the Shining One.
  4478 | D:4      | Got a brightly glowing falchion
  4479 | D:4      | Identified the +8 falchion "Qohuwat" {protect, +Rage rF+
                  | Int+2} (You found it on level 4 of the Dungeon)
  4617 | D:3      | Reached skill level 1 in Spellcasting
  4800 | D:5      | Entered Level 5 of the Dungeon
  4922 | D:5      | Found a sand-covered staircase.
  4930 | Ossuary  | Entered an ossuary
  5245 | Ossuary  | Reached XP level 8. HP: 49/54 MP: 9/9
  6373 | D:5      | Found an opulent altar of Gozag.
  6620 | D:6      | Found a staircase to the Ecumenical Temple.
  7078 | D:6      | Reached skill level 5 in Dodging
  7247 | D:6      | Learned a level 4 spell: Petrify
  7253 | D:6      | Learned a level 3 spell: Confuse
  7481 | D:7      | Reached XP level 9. HP: 51/58 MP: 10/10
  7524 | D:7      | Reached skill level 1 in Transmutations
  7683 | D:8      | HP: 4/87 [poisoned by a killer bee]
  7690 | D:8      | HP: 2/87 [killer bee (1)]
  7693 | D:8      | Slain by a killer bee

Vault maps used:
D:1:      dpeg_arrival_simpleton_a
D:2:      grunt_temple_overflow_magic_moments
D:3:      nicolae_overflow_crystal_walls
D:4:      lemuel_round_altar
D:5:      enter_ossuary_2, first_ration, hangedman_decor_clover_reticule,
          nicolae_gozag_cash_rules_everything_around_me
D:6:      minmay_temple_entry_glass
D:7:      skrybe_limestone_x, uniq_harold
D:8:      serial_glass, glass_columns_a, glass_columns_b
Ossuary:  ossuary_the_hunt_dpeg

Skill      XL: |  1  2  3  4  5  6  7  8  9 |
---------------+----------------------------+-----
Stealth        | 3 4 5 6 7 8 |  8.1
Unarmed Combat | 4 5 6 8 |  8.7
Necromancy     | 1 |  1.7
Dodging        | 4 5 |  5.1
Spellcasting   | 1 |  1.5
Fighting       | 4 |  4.1
Transmutations | 1 |  1.6

Action                   |  1- 3 |  4- 6 |  7- 9 || total
-------------------------+-------+-------+-------++-------
Melee: Unarmed           |    75 |   124 |   235 ||   434
       Tentacles         |    14 |    26 |    57 ||    97
       Constrict         |    18 |    33 |    43 ||    94
       Punch             |     2 |     2 |    17 ||    21
 Cast: Pain              |       |     8 |    11 ||    19
  Use: Potion            |       |     6 |     7 ||    13
       Scroll            |       |     4 |    11 ||    15
 Stab: Sleeping          |     7 |    10 |    20 ||    37
       Distracted        |       |       |     3 ||     3
  Eat: Chunk             |     1 |     5 |     8 ||    14
       Ration            |       |     1 |     1 ||     2
Armor: Skin              |     5 |     4 |    24 ||    33
Dodge: Dodged            |    40 |    83 |   132 ||   255

Table legend:
 A = Non-vault XP
 B = Vault XP
 C = Vault XP percentage of total XP
 D = Non-vault monster count
 E = Vault monster count
 F = Vault count percentage of total count
                 A         B        C        D         E       F
            +---------+---------+-------+---------+---------+-------
      Total |    2420 |     283 |  10.5 |     141 |      14 |   9.0
            +---------+---------+-------+---------+---------+-------
        D:1 |      73 |       0 |   0.0 |      31 |       0 |   0.0
        D:2 |     125 |       0 |   0.0 |      19 |       0 |   0.0
        D:3 |     277 |       0 |   0.0 |      30 |       0 |   0.0
        D:4 |     409 |       0 |   0.0 |      17 |       0 |   0.0
        D:5 |     731 |       0 |   0.0 |      20 |       0 |   0.0
        D:6 |     398 |       0 |   0.0 |      14 |       0 |   0.0
        D:7 |     160 |       0 |   0.0 |       6 |       0 |   0.0
        D:8 |     247 |       0 |   0.0 |       4 |       0 |   0.0
    Ossuary |       0 |     283 | 100.0 |       0 |      14 | 100.0
            +---------+---------+-------+---------+---------+-------
